 Dungeon Crawl Stone Soup version 0.21.1-1-g345015fe64 (webtiles) character file.

40741 BrokenGlass the Fighter (level 14, 0/82 HPs)
             Began as a Vine Stalker Assassin on Mar 25, 2018.
             Was an Initiate of Jiyva.
             Slain by a crocodile (11 damage)
             ... on level 6 of the Lair of Beasts.
             The game lasted 00:38:49 (15668 turns).

BrokenGlass the Fighter (Vine Stalker Assassin)    Turns: 15668, Time: 00:38:49

Health: 0/82       AC:  5    Str: 23    XL:     14   Next: 12%
Magic:  0/30       EV: 23    Int: 13    God:    Jiyva [......]
Gold:   742        SH:  0    Dex: 15    Spells: 26/31 levels left

rFire    . . .     SeeInvis .   a - +9 hand crossbow "Grim" {flame, Str+4 Int+2 Dex-3}
rCold    . . .     Gourm    +   (no shield)
rNeg     . . .     Faith    .   Q - +1 robe "Cofaen" {Str+2 Slay+3 Stlth+}
rPois    .         Spirit   +   (helmet restricted)
rElec    .         Reflect  .   d - +0 cloak
rCorr    .         Harm     .   (no gloves)
MR       +....                  E - +0 pair of boots
Stlth    +++++++...             q - amulet of the gourmand
HPRegen  1.03/turn              (no ring)
MPRegen  0.22/turn              h - +5 ring of evasion

@: no status effects
A: fangs 3, horns 1, camouflage 1, high mp 1, regeneration 2, magic shield,
antimagic bite, no potion heal 3, rot immunity
a: Renounce Religion


You were on level 6 of the Lair of Beasts.
You worshipped Jiyva.
Jiyva was noncommittal.
You were not hungry.

You visited 3 branches of the dungeon, and saw 18 of its levels.
You also visited: Bailey.

You collected 1063 gold pieces.
You spent 321 gold pieces at shops.

Inventory:

Hand Weapons
 a - the +9 hand crossbow "Grim" (weapon) {flame, Str+4 Int+2 Dex-3}
   (You found it on level 7 of the Dungeon)

   It causes projectiles fired from it to burn those they strike, causing extra
   injury to most foes and up to half again as much damage against particularly
   susceptible opponents.
   It affects your strength (+4).
   It affects your intelligence (+2).
   It affects your dexterity (-3).
 b - a +0 blowgun
 c - the +5 hand crossbow "Giantbane" {velocity, rElec rF+ Str+2}
   (You bought it in a shop on level 7 of the Dungeon)

   Any bolt fired from it inflicts extra damage.
   It affects your strength (+2).
   It protects you from fire.
   It insulates you from electricity.
 k - the +2 whip "Hotunat" {antimagic, rPois rN+++ Int+4 Dex-3}
   (You bought it in a shop on level 7 of the Dungeon)

   It reduces the magical energy of the wielder, and disrupts the spells and
   magical abilities of those hit.
   Natural abilities and divine invocations are not affected.
   It affects your intelligence (+4).
   It affects your dexterity (-3).
   It protects you from poison.
   It renders you almost immune to negative energy.
 K - a +0 dagger of speed
Missiles
 e - 30 poisoned needles
 f - 2 curare-tipped needles
 y - 192 arrows
 O - 5 needles of confusion
 X - 7 javelins
 Z - 30 bolts (quivered)
Armour
 d - a +0 cloak (worn)
 E - a +0 pair of boots (worn)
 I - a +3 ring mail of fire resistance
 Q - the +1 robe "Cofaen" (worn) {Str+2 Slay+3 Stlth+}
   (You found it on level 6 of the Dungeon)

   It affects your strength (+2).
   It affects your accuracy and damage with ranged weapons and melee attacks
   (+3).
   It makes you more stealthy.
 V - the +5 robe of Night {Dark MR+ SInv}
   (You found it on level 4 of the Lair of Beasts)

   It affects your resistance to hostile enchantments.
   It lets you see invisible.
Magical Staves
 i - an uncursed staff of energy {unknown}
 C - an uncursed staff of earth {unknown}
Jewellery
 h - a +5 ring of evasion (right hand)
 q - an amulet of the gourmand (around neck)
Wands
 u - a wand of iceblast (9)
 x - a wand of flame (95)
 G - a wand of digging (17)
 M - a wand of acid (8)
 T - a wand of disintegration (16)
 U - a wand of paralysis (18)
Scrolls
 j - 15 scrolls of remove curse
 o - 6 scrolls of teleportation
 t - 2 scrolls of fear
 v - 9 scrolls of identify
 w - 2 scrolls of blinking {unknown}
 H - 2 scrolls of enchant armour
 J - 2 scrolls of fog
 L - 5 scrolls of magic mapping
 N - 2 scrolls of amnesia {unknown}
 R - a scroll of noise
Potions
 l - a potion of ambrosia
 m - 3 potions of lignification
 n - 2 potions of cancellation
 p - 6 potions of haste {unknown}
 r - a potion of might {unknown}
 s - 7 potions of curing {unknown}
 z - 16 potions of degeneration
 A - 5 potions of flight {unknown}
 B - 2 potions of agility
 D - 2 potions of invisibility
 F - 2 potions of brilliance
 W - a potion of berserk rage {unknown}
Books
 P - a book of Cantrips

   Spells                             Type                      Level
   a - Confusing Touch                Hexes                        1
   b - Animate Skeleton               Necromancy                   1
   c - Summon Small Mammal            Summoning                    1
   d - Apportation                    Translocation                1
Miscellaneous
 Y - a box of beasts
Comestibles
 g - 43 rations


   Skills:
 * Level 13.5 Fighting
 - Level 4.0 Short Blades
 * Level 7.9 Crossbows
 - Level 1.7 Throwing
 + Level 9.2 Dodging
 - Level 12.0 Stealth
 - Level 9.0 Spellcasting


You had 26 spell levels left.
You knew the following spells:

 Your Spells              Type           Power        Failure   Level  Hunger
a - Summon Butterflies    Summ           #.......     12%         1    None
b - Blink                 Tloc           N/A          19%         2    None
c - Animate Skeleton      Necr           N/A          12%         1    None
d - Apportation           Tloc           #.....       12%         1    None


Dungeon Overview and Level Annotations

Branches:
Dungeon (11/15)            Temple (1/1) D:7            Lair (6/6) D:9
 Shoals (0/4) Lair:4        Snake (0/4) Lair:2        Slime (0/5) Lair:5
    Orc (0/2) D:10

Altars:
Ashenzari
Cheibriados
Elyvilon
Gozag
Makhleb
Ru
Sif Muna
Vehumet
Xom
Zin
Beogh
Jiyva

Shops:
D:7 (   D:10 (   D:11 (

Portals:
Trove: D:10 (give +2 storm dragon scales)

Annotations:
D:11 2 runed doors


Innate Abilities, Weirdness & Mutations

You have razor-sharp teeth.
You heal very quickly.
When hurt, damage is shared between your health and your magic reserves.
Your bite disrupts and absorbs the magic of your enemies.
Potions cannot restore your health.
You are immune to rotting.
You have a pair of small horns on your head.
Your skin changes colour to match your surroundings (Stealth+).
You have an increased reservoir of magic. (+10% MP)


Message History

The eight-headed hydra completely misses you. x2
Firing (i - inventory. (,) - cycle):
Z - 31 bolts (quivered)
Press: ? - help, Shift-Dir - straight line, f/p - eight-headed hydra
Aim: an eight-headed hydra (severely wounded)
You shoot a bolt.
The bolt barely misses the eight-headed hydra.
The crocodile bites you.
The eight-headed hydra completely misses you.
The eight-headed hydra bites you.
The eight-headed hydra completely misses you.
The eight-headed hydra barely misses you.
The eight-headed hydra bites you!
* * * LOW HITPOINT WARNING * * *
The eight-headed hydra barely misses you.
The eight-headed hydra bites you!
* * * LOW HITPOINT WARNING * * *
The eight-headed hydra bites you.
* * * LOW HITPOINT WARNING * * *
The crocodile bites you!
You die...

.......#P. .?...
.........PP.....
......PP.#......
.......PP#......
.........P..#...
........<.......
.P.........)....
.....#......P...
.......@D..(#...
.....$..t(......
.#..........(.P.
#.#......#(...P
.....PPPP##..(#.
..PP....P# ..#
..PP...... ..
..........


You could see an eight-headed hydra and a crocodile.

Vanquished Creatures
  Snorg (D:11)
  The ghost of BrokenGlass the Covert, a journeyman VSFi of Gozag (Lair:3)
  5 hydras
  Erica (D:8)
  2 two-headed ogres (D:9)
  An unseen horror (Lair:1)
  An orc knight (Bailey)
  Pikel (D:5)
  An oklob plant (Lair:5)
  11 elephants
  A merfolk siren (Lair:4)
  Maurice (D:8)
  3 black mambas (Lair:2)
  5 spiny frogs
  7 komodo dragons
  2 guardian mummies (D:10)
  A troll (D:6)
  3 polar bears
  Grinder (D:4)
  7 hippogriffs
  11 blink frogs
  The ghost of davido123 the Chopper, an amateur TrBe of Trog (D:5)
  3 basilisks
  30 yaks
  Eustachio (D:6)
  Grum (D:10)
  3 hogs (D:7)
  A human (D:7)
  3 hungry ghosts
  14 water moccasins
  Duvessa (D:6)
  9 orc warriors
  11 porcupines
  An ice beast (D:8)
  2 sky beasts
  A hornet zombie (D:9)
  2 black bears
  An eye of draining (D:9)
  A phantom (D:5)
  6 ogres
  39 wolves
  2 centaurs
  8 crocodiles
  Blork the orc (D:4)
  16 bullfrogs
  Dowan (D:6)
  5 scorpions
  9 killer bees (D:7)
  5 wights
  2 howler monkeys (D:5)
  2 crimson imps
  A centaur zombie (D:8)
  A bullfrog zombie (D:10)
  8 orc priests
  6 hounds
  A jelly (D:6)
  3 centaur skeletons
  Crazy Yiuf (D:5)
  7 iguanas
  2 bullfrog skeletons
  Ijyb (D:3)
  7 orc wizards
  A statue (D:9)
  9 worker ants
  4 hound skeletons
  A worker ant zombie (D:7)
  A howler monkey skeleton (D:4)
  A gnoll (D:10)
  17 adders
  2 shadow imps
  2 oozes
  2 worms
  3 dart slugs (D:3)
  7 leopard geckos
  44 orcs
  7 giant cockroaches
  7 goblins
  8 hobgoblins
  14 jackals
  3 quokkas
  2 ball pythons
  A ball python skeleton (D:4)
  9 bats
  4 frilled lizards
  5 kobolds
  11 rats
  A butterfly (Lair:1)
453 creatures vanquished.

Vanquished Creatures (others)
  2 jellies (Lair:5)
  9 fungi
  9 plants
20 creatures vanquished.

Grand Total: 473 creatures vanquished

Notes
Turn   | Place    | Note
-------+----------+-------------------------------------------
     0 | D:1      | BrokenGlass the Vine Stalker Assassin began the quest for the Orb.
     0 | D:1      | Reached XP level 1. HP: 11/11 MP: 2/2
   242 | D:1      | Reached skill level 2 in Fighting
   242 | D:1      | Reached skill level 5 in Stealth
   255 | D:1      | Reached XP level 2. HP: 10/15 MP: 3/3
   408 | D:1      | Reached XP level 3. HP: 19/19 MP: 4/4
  1141 | D:2      | Gained mutation: Your natural rate of healing is unusually fast. [Vine Stalker growth]
  1141 | D:2      | Reached XP level 4. HP: 18/23 MP: 3/5
  1337 | D:3      | Found a faded altar of an unknown god.
  1390 | D:3      | Reached skill level 3 in Fighting
  1397 | D:3      | Reached XP level 5. HP: 7/28 MP: 1/6
  1775 | D:3      | Noticed Ijyb
  1787 | D:3      | Killed Ijyb
  2040 | D:4      | Noticed Grinder
  2043 | D:4      | Paralysed by Grinder for 3 turns
  2062 | D:4      | Paralysed by Grinder for 7 turns
  2073 | D:4      | Paralysed by Grinder for 2 turns
  2095 | D:4      | Killed Grinder
  2095 | D:4      | Reached skill level 4 in Fighting
  2095 | D:4      | Reached XP level 6. HP: 22/33 MP: 7/7
  2110 | D:4      | Reached XP level 7. HP: 23/38 MP: 8/8
  2349 | D:4      | Noticed Blork the orc
  2359 | D:4      | Killed Blork the orc
  2365 | D:4      | Gained mutation: You are partially covered in slimy green scales. (AC +2) [potion of mutation]
  2365 | D:4      | Gained mutation: Your spells are a little easier to cast, but a little less powerful. [potion of mutation]
  2365 | D:4      | Gained mutation: Scrolls take you a little longer to read. [potion of mutation]
  2365 | D:4      | Gained mutation: Your skin changes colour to match your surroundings (Stealth+). [potion of mutation]
  2366 | D:4      | Lost mutation: Scrolls take you a little longer to read. [potion of mutation]
  2366 | D:4      | Lost mutation: Your spells are a little easier to cast, but a little less powerful. [potion of mutation]
  2366 | D:4      | Gained mutation: You have an increased reservoir of magic. (+10% MP) [potion of mutation]
  2366 | D:4      | Lost mutation: You are partially covered in slimy green scales. (AC +2) [potion of mutation]
  2366 | D:4      | Gained mutation: You have a pair of small horns on your head. [potion of mutation]
  2575 | D:4      | Found a deep blue altar of Sif Muna.
  2577 | D:4      | Found a shattered altar of Ashenzari.
  2835 | D:5      | Entered Level 5 of the Dungeon
  2853 | D:5      | Reached skill level 5 in Fighting
  2895 | D:5      | Found a runed door.
  2972 | D:5      | Noticed davido123's ghost (amateur TrBe)
  3020 | D:5      | Killed davido123's ghost
  3020 | D:5      | Gained mutation: You have razor-sharp teeth. [Vine Stalker growth]
  3020 | D:5      | Reached XP level 8. HP: 30/44 MP: 7/9
  3172 | D:5      | Reached skill level 6 in Fighting
  3491 | D:5      | Reached skill level 10 in Stealth
  3729 | D:5      | Noticed Pikel
  3753 | D:5      | Killed Pikel
  3753 | D:5      | Reached skill level 7 in Fighting
  3753 | D:5      | Reached XP level 9. HP: 37/50 MP: 6/10
  3871 | D:5      | Noticed Crazy Yiuf
  3876 | D:5      | Killed Crazy Yiuf
  3941 | D:6      | Noticed a troll
  3961 | D:6      | Noticed Eustachio
  3963 | D:6      | Found a sacrificial altar of Ru.
  3980 | D:6      | Killed Eustachio
  4007 | D:6      | Noticed Duvessa
  4025 | D:6      | Killed Duvessa
  4086 | D:6      | Noticed Dowan
  4098 | D:6      | Killed Dowan
  4124 | D:6      | Reached skill level 8 in Fighting
  4213 | D:6      | Killed a troll
  4639 | D:6      | Got a fine robe
  4650 | D:6      | Identified the +1 robe "Cofaen" {Str+2 Slay+3 Stlth+} (You found it on level 6 of the Dungeon)
  4670 | D:7      | Found a staircase to the Ecumenical Temple.
  4780 | Temple   | Entered the Ecumenical Temple
  4797 | D:7      | Reached skill level 1 in Dodging
  4866 | D:6      | Reached skill level 1 in Spellcasting
  5069 | D:7      | Reached XP level 10. HP: 41/57 MP: 13/15
  5227 | D:7      | You fall through a shaft for 3 floors!
  5227 | D:10     | Entered Level 10 of the Dungeon
  5227 | D:10     | Found a staircase to the Orcish Mines.
  5359 | D:10     | Found a portal to a secret trove of treasure.
  5410 | D:10     | Reached skill level 9 in Fighting
  5476 | D:10     | Found a flagged portal.
  5498 | Bailey   | Entered a bailey
  5591 | Bailey   | Noticed an orc knight
  5664 | Bailey   | Noticed an orc knight
  5664 | Bailey   | Noticed an orc knight
  5687 | Bailey   | Identified Caiduan's Collected Works on Translocation and Companions
  5689 | Bailey   | Killed an orc knight
  5958 | Bailey   | Learned a level 1 spell: Summon Butterflies
  5961 | Bailey   | Learned a level 2 spell: Blink
  6138 | D:10     | Noticed Grum
  6149 | D:9      | Found a burning altar of Makhleb.
  6223 | D:8      | Found an opulent altar of Gozag.
  6635 | D:7      | Found Oheku's Antique Weapon Shop.
  6643 | D:7      | Bought an ancient hand crossbow for 153 gold pieces
  6643 | D:7      | Bought a crude whip for 135 gold pieces
  6643 | D:7      | Identified the +5 hand crossbow "Giantbane" {velocity, rElec rF+ Str+2} (You bought it in a shop on level 7 of the Dungeon)
  6644 | D:7      | Identified the cursed +2 whip "Hotunat" {antimagic, rPois rN+++ Int+4 Dex-3} (You bought it in a shop on level 7 of the Dungeon)
  6674 | D:7      | Got a bone hand crossbow
  6675 | D:7      | Identified the +9 hand crossbow "Grim" {flame, Str+4 Int+2 Dex-3} (You found it on level 7 of the Dungeon)
  6781 | D:7      | Reached skill level 5 in Spellcasting
  7172 | D:8      | Noticed Maurice
  7175 | D:8      | Killed Maurice
  7175 | D:8      | Reached XP level 11. HP: 63/63 MP: 20/22
  7252 | D:8      | Reached skill level 5 in Dodging
  7339 | D:8      | Found a glowing silver altar of Zin.
  7520 | D:8      | Reached skill level 10 in Fighting
  7542 | D:8      | Noticed Erica
  7808 | D:9      | Found a radiant altar of Vehumet.
  7855 | D:9      | Found a staircase to the Lair.
  8342 | D:9      | Noticed a two-headed ogre
  8350 | D:9      | Killed a two-headed ogre
  8555 | D:9      | Noticed a two-headed ogre
  8562 | D:9      | Killed a two-headed ogre
  9047 | D:10     | Killed Grum
  9322 | D:10     | Found a roughly hewn altar of Beogh.
  9722 | D:11     | Found Pyned Ybe's Weapon Shoppe.
  9722 | D:11     | Noticed an ice dragon
  9726 | D:11     | Noticed a fire dragon
  9726 | D:11     | Found a runed door.
  9726 | D:11     | Noticed an ice dragon
  9726 | D:11     | Noticed Snorg
  9727 | D:11     | Found the +2 shield of Resistance {rF+ rC+ MR+}
  9727 | D:11     | Found a runed door.
  9727 | D:11     | Noticed a fire dragon
  9752 | D:11     | Killed Snorg
  9752 | D:11     | Gained mutation: You heal very quickly. [Vine Stalker growth]
  9752 | D:11     | Reached XP level 12. HP: 45/69 MP: 25/27
  9781 | D:11     | Bought 12 bolts for 33 gold pieces
  9791 | D:11     | Reached skill level 11 in Fighting
  9813 | D:11     | Noticed a seven-headed hydra
  9910 | Lair:1   | Entered Level 1 of the Lair of Beasts
 10526 | D:8      | Killed Erica
 11244 | Lair:2   | Noticed a four-headed hydra
 11296 | Lair:2   | Reached skill level 1 in Crossbows
 11563 | Lair:2   | Noticed a six-headed hydra
 11573 | Lair:2   | Killed a six-headed hydra
 11573 | Lair:2   | Reached skill level 12 in Fighting
 11870 | Lair:2   | Found a staircase to the Snake Pit.
 11918 | Lair:2   | Reached XP level 13. HP: 75/75 MP: 29/29
 12306 | Lair:2   | Learned a level 1 spell: Animate Skeleton
 12308 | Lair:2   | Learned a level 1 spell: Apportation
 12339 | Lair:2   | Reached skill level 5 in Crossbows
 13289 | Lair:3   | Noticed BrokenGlass's ghost (journeyman VSFi)
 13294 | Lair:3   | Killed BrokenGlass's ghost
 13858 | Lair:4   | Reached skill level 13 in Fighting
 14190 | Lair:4   | Found the +5 robe of Night {Dark MR+ SInv}
 14737 | Lair:4   | Found a staircase to the Shoals.
 14838 | Lair:5   | Found a viscous altar of Jiyva.
 14838 | Lair:5   | Found a staircase to the Slime Pits.
 14879 | Lair:5   | Became a worshipper of Jiyva Jiecwael the Shapeless
 15057 | Lair:5   | Reached XP level 14. HP: 82/82 MP: 30/30
 15659 | Lair:6   | Entered Level 6 of the Lair of Beasts
 15668 | Lair:6   | Slain by a crocodile

Skill      XL: |  1  2  3  4  5  6  7  8  9 10 11 12 13 |
---------------+----------------------------------------+-----
Fighting       | 2 3 4 5 7 8 9 10 12 13 | 13.5
Stealth        | 5 6 7 8 11 12 | 12.0
Short Blades   | 2 3 4 |  4.0
Dodging        | 2 4 6 8 9 |  9.2
Spellcasting   | 2 5 8 9 |  9.0
Crossbows      | 3 7 |  7.9
Throwing       | |  1.7

Action                   |  1- 3 |  4- 6 |  7- 9 | 10-12 | 13-15 || total
-------------------------+-------+-------+-------+-------+-------++-------
Melee: Dagger            |   114 |    33 |    72 |   774 |   134 ||  1127
       Bite              |    29 |    28 |   100 |   293 |    65 ||   515
       Falchion          |       |    77 |   215 |       |       ||   292
       Headbutt          |       |       |    67 |   209 |    46 ||   322
 Fire: Blowgun           |       |       |       |     6 |       ||     6
       Hand crossbow     |       |       |       |    30 |   259 ||   289
 Cast: Summon Butterflie |       |       |       |     2 |       ||     2
Evoke: Wand              |       |     5 |    10 |    45 |       ||    60
  Use: Scroll            |       |       |     3 |    17 |     1 ||    21
       Potion            |       |       |     2 |       |       ||     2
 Stab: Sleeping          |    13 |     3 |    21 |    44 |     1 ||    82
       Distracted        |     2 |       |     2 |     2 |     1 ||     7
       Paralysed         |       |     4 |       |       |       ||     4
  Eat: Chunk             |       |     4 |    27 |    25 |     6 ||    62
Armor: Robe              |    12 |       |    36 |    74 |    10 ||   132
       Scale mail        |    22 |    34 |    20 |       |       ||    76
Dodge: Dodged            |    71 |    73 |   169 |   670 |   209 ||  1192
       Rpst.: Falchion   |       |    15 |    39 |       |       ||    54
